 Dungeon Crawl Stone Soup version 0.26.1-10-gdfb7c7de75 (webtiles) character file.

Game seed: 4778907513370399235

60 manyhoops the Sneak (level 4, -6/27 HPs)
             Began as an Octopode Fire Elementalist on Apr 1, 2021.
             Mangled by a gnoll
             ... wielding a +0 whip
              (9 damage)
             ... on level 2 of the Dungeon.
             The game lasted 00:02:33 (2497 turns).

manyhoops the Sneak (Octopode Fire Elementalist)    Turns: 2497, Time: 00:02:34

Health: -6/27      AC:  1    Str:  7    XL:     4   Next: 4%
Magic:  4/8        EV: 13    Int: 18    God:
Gold:   133        SH:  0    Dex: 12    Spells: 7/8 levels left

rFire    . . .     SeeInvis .   h - +1 mace (protect)
rCold    . . .     Faith    .   (no shield)
rNeg     . . .     Spirit   .   (helmet restricted)
rPois    .         Reflect  .   (no amulet)
rElec    .         Harm     .   (no ring)
rCorr    .         Rampage  .   (no ring)
Will     .....                  (no ring)
Stlth    +++.......             (no ring)
HPRegen  0.09/turn              (no ring)
MPRegen  0.11/turn              (no ring)
                                (no ring)
                                (no ring)

@: no status effects
A: almost no armour, stealthy swim, amphibious, 8 rings, constrict 8, camouflage
1, gelatinous body 1
a: no special abilities


You were on level 2 of the Dungeon.
You visited 1 branch of the dungeon, and saw 2 of its levels.

You collected 133 gold pieces.

Inventory:

Hand Weapons
 h - a +1 mace of protection (weapon)
Missiles
 j - 3 boomerangs of dispersal
Scrolls
 a - a scroll of fear {unknown}
 b - a scroll of immolation
 d - a scroll of teleportation {unknown}
 e - a scroll of identify {unknown}
 g - a scroll of fog {unknown}
 k - a scroll of enchant armour {unknown}
Potions
 c - a potion of attraction {unknown}
 f - 2 potions of brilliance {unknown}
 i - a potion of curing {unknown}
 l - a potion of resistance {unknown}


   Skills:
 - Level 0.2 Fighting
 + Level 0.4 Maces & Flails
 - Level 2.1 Dodging
 + Level 3.8 Stealth
 + Level 2.7 Spellcasting
 + Level 1.3 Conjurations
 + Level 3.4 Fire Magic


You had 7 spell levels left.
You knew the following spells:

 Your Spells              Type           Power        Failure   Level
a - Foxfire               Conj/Fire      44%          6%          1

Your spell library contained the following spells:

 Spells                   Type           Power        Failure   Level
 Conjure Flame            Conj/Fire      11%          19%         3
 Inner Flame              Hex/Fire       8%           26%         3
 Sticky Flame             Conj/Fire      11%          54%         4
 Fireball                 Conj/Fire      5%           87%         5


Dungeon Overview and Level Annotations

Branches:
Dungeon (2/15)

Altars:
Yredelemnul


Innate Abilities, Weirdness & Mutations

You cannot wear most types of armour.
You are very stealthy in the water. (Stealth+)
You are amphibious.
You can wear up to eight rings at the same time.
You can use your tentacles to constrict eight enemies at once.
Your skin changes colour to match your surroundings (Stealth+).
Your rubbery body absorbs attacks. (AC +1, EV +1)


Message History

The gnoll hits you with a +0 whip.
You hit the gnoll.
Your weapon exudes an aura of protection.
You squeeze the gnoll.
The gnoll is heavily wounded.
You constrict the gnoll. The gnoll hits you with a +0 whip.
* * * LOW HITPOINT WARNING * * *
The gnoll hits you with a +0 whip.
* * * LOW HITPOINT WARNING * * *
You release your grip on the gnoll.
Casting: Foxfire (safe; 6% risk of failure)
Confirm with . or Enter, or press ? or * to list all spells.
You conjure some foxfire!
Okay, then.
The foxfire hits the gnoll but does no damage.
The gnoll is heavily wounded.
The foxfire hits the gnoll.
The gnoll is severely wounded.
The gnoll hits you with a +0 whip!
You die...

#.........................#.#
############..............#.#
#........................#
#.##....#..............#####
#.#####.#..............'....
#.#....................#####
#.#.###.#...................
#.#.# #.................####
#.#.#####..@§...........#
#.......#..g............#+##
###.###.###g########......).
#.# #.# #)# #........ #.# #.#
#h# #........ #.# #.# #g#
#.....†.. #.# #.# #)#
#........ #.###.# #g#
#........ #.....# #g#
#........


You could see 2 gnolls, a jackal and 2 goblins.

Vanquished Creatures
  A gnoll (D:2)
  An adder (D:2)
  2 giant cockroaches (D:1)
  7 goblins
  5 hobgoblins
  9 jackals
  A kobold (D:1)
  3 bats
  4 frilled lizards
  A rat (D:1)
34 creatures vanquished.

Vanquished Creatures (others)
  17 foxfires
17 creatures vanquished.

Grand Total: 51 creatures vanquished

Notes
Turn   | Place    | Note
-------+----------+-------------------------------------------
     0 | D:1      | manyhoops the Octopode Fire Elementalist began the quest
                  | for the Orb.
     0 | D:1      | Reached XP level 1. HP: 11/11 MP: 3/3
   519 | D:1      | Reached XP level 2. HP: 14/17 MP: 1/5
  1661 | D:1      | Reached XP level 3. HP: 19/21 MP: 6/6
  2228 | D:2      | Found a basalt altar of Yredelemnul.
  2485 | D:2      | Reached XP level 4. HP: 18/27 MP: 4/8
  2497 | D:2      | Mangled by a gnoll

Illustrated notes

Levels and vault maps discovered:
D:1:      sevenhm_arrival_forest_fort_small_3, layout_basic
D:2:      layout_basic, yredelemnul_altar_generic, uniq_robin

Skill      XL: |  1 |
---------------+----+-----
Stealth        | 3 |  3.8
Fighting       | |  0.2
Maces & Flails | |  0.4
Dodging        | |  2.1
Spellcasting   | |  2.7
Conjurations   | |  1.3
Fire Magic     | |  3.4

Action                   |  1- 3 |  4- 6 || total
-------------------------+-------+-------++-------
Melee: Unarmed           |    49 |       ||    49
       Tentacles         |    18 |     2 ||    20
       Constrict         |    20 |     1 ||    21
       Mace              |    32 |     6 ||    38
 Cast: Foxfire           |    17 |     2 ||    19
  Use: Scroll            |     1 |       ||     1
 Stab: Sleeping          |     3 |       ||     3
Armor: Skin              |    20 |     2 ||    22
Dodge: Dodged            |    68 |     2 ||    70
